 Dungeon Crawl Stone Soup version 0.26.1-2-gb8aa6d0cf2 (webtiles) character file.

Game seed: 11473562507078218711

199 Qrupt the Sneak (level 5, -3/36 HPs)
             Began as an Octopode Brigand on Mar 7, 2021.
             Slain by a gnoll (6 damage)
             ... on level 3 of the Dungeon.
             The game lasted 00:03:58 (2252 turns).

Qrupt the Sneak (Octopode Brigand)                  Turns: 2252, Time: 00:03:58

Health: -3/36      AC:  1    Str: 11    XL:     5   Next: 77%
Magic:  5/5        EV: 14    Int: 13    God:
Gold:   121        SH:  0    Dex: 14    Spells: 4/4 levels left

rFire    . . .     SeeInvis .   g - +2 dagger (holy)
rCold    . . .     Faith    .   (no shield)
rNeg     . . .     Spirit   .   (helmet restricted)
rPois    .         Reflect  .   (no amulet)
rElec    .         Harm     .   (no ring)
rCorr    .         Rampage  .   (no ring)
Will     .....                  (no ring)
Stlth    ++++......             (no ring)
HPRegen  0.12/turn              (no ring)
MPRegen  0.09/turn              (no ring)
                                (no ring)
                                (no ring)

@: mighty, lethally poisoned (-3 -> -5), attractive
A: almost no armour, stealthy swim, amphibious, 8 rings, constrict 8, camouflage
1, gelatinous body 1
a: no special abilities


You were on level 3 of the Dungeon.
You visited 1 branch of the dungeon, and saw 3 of its levels.

You collected 121 gold pieces.

Inventory:

Hand Weapons
 a - a +2 dagger
 g - a +2 dagger of holy wrath (weapon)
Missiles
 b - 6 poisoned darts (quivered)
 c - 2 curare-tipped darts
 d - 2 javelins
Scrolls
 e - 3 scrolls of identify {unknown}
 j - a scroll of remove curse {unknown}
 p - a scroll of amnesia {unknown}
Potions
 f - a potion of brilliance {unknown}
 h - a potion of attraction
 i - a potion of might
 k - 2 potions of haste {unknown}
 l - a potion of invisibility {unknown}
 m - 2 potions of cancellation {unknown}
 n - a potion of degeneration {unknown}
 o - 2 potions of berserk rage {unknown}


   Skills:
 + Level 3.6 Fighting
 - Level 2.0 Short Blades
 - Level 2.0 Throwing
 + Level 3.2 Dodging
 + Level 7.0 Stealth


You had 4 spell levels left.
You didn't know any spells.
Your spell library contained the following spells:

 Spells                   Type           Power        Failure   Level
 Animate Skeleton         Necr           0%           30%         1
 Apportation              Tloc           0%           30%         1
 Corona                   Hex            0%           30%         1
 Magic Dart               Conj           0%           30%         1
 Summon Small Mammal      Summ           0%           30%         1
 Blink                    Tloc           N/A          43%         2
 Call Imp                 Summ           0%           43%         2
 Slow                     Hex            0%           43%         2
 Conjure Flame            Conj/Fire      0%           67%         3
 Mephitic Cloud           Conj/Pois/Air  0%           67%         3


Dungeon Overview and Level Annotations

Branches:
Dungeon (3/15)

Altars:
Elyvilon


Innate Abilities, Weirdness & Mutations

You cannot wear most types of armour.
You are very stealthy in the water. (Stealth+)
You are amphibious.
You can wear up to eight rings at the same time.
You can use your tentacles to constrict eight enemies at once.
Your skin changes colour to match your surroundings (Stealth+).
Your rubbery body absorbs attacks. (AC +1, EV +1)


Message History

The gnoll is moderately wounded.
You feel sick.
The gnoll hits you from afar with a cursed -2 spear.
The gnoll barely misses you.
Throw: 7 darts (poison)
Press: ? - help, Q - select action, (/) - cycle Shift-Dir - straight line, f - gnoll
Aim: a gnoll (moderately wounded, 64% to hit)
You throw a poisoned dart.
The poisoned dart closely misses the gnoll.
The poisoned dart barely misses the adder.
The gnoll hits you from afar with a cursed -2 spear.
The gnoll hits you!
* * * LOW HITPOINT WARNING * * *
It was a potion of attraction.
You feel attractive to monsters.
The gnoll barely misses you. x2; The quokka is pulled toward you!
It was a potion of might.
You feel very mighty all of a sudden. The gnoll barely misses you.
The gnoll hits you.
You die...

######## #. #......# ##
#......+ #......# #>.....#
#......# ... #......# .....
########..(...####.....
......##@###...........
.......#g# #)..........
#..gS###............
#.#(..##............ #.
#.#r).##............
##...####.#<..##....[.......
......†.......÷............
#########.#...##........###
######+#...##........###.


You could see 2 gnolls, an adder and a quokka (wandering).

Vanquished Creatures
  Natasha (thrice) (D:2)
  Robin (D:2)
  2 gnolls
  4 adders
  An ooze (D:1)
  A dart slug (D:1)
  A leopard gecko (D:1)
  3 ball pythons
  4 bats
  5 giant cockroaches
  13 goblins
  4 hobgoblins
  5 kobolds
  A quokka (D:3)
  2 frilled lizards
  2 rats (D:1)
52 creatures vanquished.

Vanquished Creatures (others)
  A leopard gecko (D:2)
  A giant cockroach (D:2)
2 creatures vanquished.

Grand Total: 54 creatures vanquished

Notes
Turn   | Place    | Note
-------+----------+-------------------------------------------
     0 | D:1      | Qrupt the Octopode Brigand began the quest for the Orb.
     0 | D:1      | Reached XP level 1. HP: 14/14 MP: 1/1
   118 | D:1      | Reached XP level 2. HP: 19/19 MP: 2/2
   424 | D:1      | Reached XP level 3. HP: 20/25 MP: 3/3
   687 | D:2      | Reached skill level 6 in Stealth
   761 | D:2      | Found a white marble altar of Elyvilon.
   787 | D:2      | Noticed Robin
   977 | D:3      | Reached XP level 4. HP: 23/30 MP: 4/4
  1229 | D:2      | Noticed Natasha
  1238 | D:2      | Killed Natasha
  1408 | D:2      | Noticed Natasha
  1416 | D:2      | Killed Natasha
  1417 | D:2      | Reached XP level 5. HP: 20/36 MP: 5/5
  1652 | D:2      | Killed Robin
  1747 | D:2      | Noticed Natasha
  1754 | D:2      | Killed Natasha
  2072 | D:3      | Reached skill level 7 in Stealth
  2252 | D:3      | Slain by a gnoll

Illustrated notes

Levels and vault maps discovered:
D:1:      mrwooster_arrival_statue_3, layout_rooms
D:2:      layout_rooms, elyvilon_altar_4, uniq_natasha, uniq_robin
D:3:      layout_basic, lemuel_doored_altar

Skill      XL: |  1  2  3  4  5 |
---------------+----------------+-----
Stealth        | 6 7 |  7.0
Dodging        | 2 3 |  3.2
Fighting       | 3 |  3.6
Short Blades   | |  2.0
Throwing       | |  2.0

Action                   |  1- 3 |  4- 6 || total
-------------------------+-------+-------++-------
Melee: Dagger            |    63 |    48 ||   111
       Constrict         |    14 |    10 ||    24
       Tentacles         |    10 |     9 ||    19
Throw: Dart              |     3 |     8 ||    11
       Javelin           |       |     3 ||     3
  Use: Potion            |       |     2 ||     2
 Stab: Sleeping          |     6 |     5 ||    11
Armor: Skin              |     5 |     2 ||     7
Dodge: Dodged            |    31 |    40 ||    71
